[Event "*** SCC Grand Prix: Titled Tuesday Blitz"]
[Site "Chess.com"]
[Date "2020.06.23"]
[Round "6"]
[White "ENEASZ"]
[Black "elamier"]
[Result "0-1"]
[WhiteElo "2482"]
[BlackElo "2339"]
[TimeControl "180+1"]
[EndTime "11:02:19 PDT"]
[Termination "elamier won by resignation"]

1. e4 c5 2. c3 Nf6 3. e5 Nd5 4. d4 cxd4 5. cxd4 Nb6 6. f4 d5 7. Nf3 Bg4 8. Nc3 e6 9. Be3 Nc6 10. h3 Bh5 11. Bd3 Be7 12. O-O Bg6 13. Rf2 O-O 14.
Bxg6 fxg6 15. b3 Rc8 16. Ne2 Nb4 17. Nc1 Qc7 18. Ne1 Qc3 0-1

[Event "*** SCC Grand Prix: Titled Tuesday Blitz"]
[Site "Chess.com"]
[Date "2020.06.23"]
[Round "6"]
[White "dodorox"]
[Black "nekotyanof"]
[Result "1-0"]
[WhiteElo "2041"]
[BlackElo "2306"]
[TimeControl "180+1"]
[EndTime "11:02:33 PDT"]
[Termination "dodorox won by resignation"]

1. d4 Nf6 2. c4 g6 3. Nc3 d5 4. Bf4 Bg7 5. e3 c6 6. Nf3 Nbd7 7. cxd5 Nxd5 8. Nxd5 cxd5 9. Bd3 O-O 10. O-O b6 11. Rc1 a5 12. Qb3 Ba6 13. Bxa6 Rxa6 14. Qxd5 e6 15. Qb7 Ra8 16. Bd6 Re8 17. Rc7 Nf6 18.
Rxf7 Bh6 19. Be5 Nh5 20. Rxh7 1-0

[Event "*** SCC Grand Prix: Titled Tuesday Blitz"]
[Site "Chess.com"]
[Date "2020.06.23"]
[Round "6"]
[White "Yaacovn"]
[Black "Eltaj_Safarli"]
[Result "0-1"]
[WhiteElo "2787"]
[BlackElo "2964"]
[TimeControl "180+1"]
[EndTime "11:02:39 PDT"]
[Termination "Eltaj_Safarli won by resignation"]

1. d4 Nf6 2. Nf3 g6 3. e3 Bg7 4. Be2 O-O 5. O-O d6 6. b3 c5 7.
Bb2 cxd4 8. Nxd4 Nc6 9. c4 Bd7 10. Qd2 Rc8 11. Rd1 Ne4 12. Qc2 Nc5 13. Nxc6 Bxc6 14.
Bxg7 Kxg7 15. Nc3 a6 16. Rac1 Nd7 17. h3 Qa5 18. Qb2 Qe5 19. Bg4 f5 20. Be2 f4 21.
exf4 Rxf4 22. Bg4 Rcf8 23. Re1 Qf6 24. Bxd7 Rxf2 0-1

[Event "*** SCC Grand Prix: Titled Tuesday Blitz"]
[Site "Chess.com"]
[Date "2020.06.23"]
[Round "6"]
[White "NTBT_DHS"]
[Black "sotochess"]
[Result "1-0"]
[WhiteElo "2638"]
[BlackElo "2471"]
[TimeControl "180+1"]
[EndTime "11:02:41 PDT"]
[Termination "NTBT_DHS won by resignation"]

1. d4 Nf6 2. c4 g6 3. Nf3 Bg7 4. g3 O-O 5. Bg2 d6 6. O-O Nc6 7. Nc3 Bg4 8. Re1 Nd7 9. d5 Bxf3 10. exf3 Na5 11. Qa4 c6 12. Bg5 Nc5 13. Bxe7 Bxc3 14.
Qc2 Qc7 15. Qxc3 Na4 16. Qb4 Nc5 17. Bxf8 Rxf8 18. Rad1 cxd5 19. cxd5 Qd8 20. Qd4 Nd7 21. b4 1-0

[Event "*** SCC Grand Prix: Titled Tuesday Blitz"]
[Site "Chess.com"]
[Date "2020.06.23"]
[Round "6"]
[White "hermionegrangermagic"]
[Black "KazakhFighter04"]
[Result "1-0"]
[WhiteElo "2543"]
[BlackElo "2739"]
[TimeControl "180+1"]
[EndTime "11:02:48 PDT"]
[Termination "hermionegrangermagic won by resignation"]

1. e4 e5 2. f4 d5 3. exd5 exf4 4. Nf3 Nf6 5. Nc3 Nxd5 6. Nxd5 Qxd5 7. d4 Bd6 8. c4 Qh5 9. Be2 O-O 10. O-O Rd8 11. Ne5 Qxe5 12. dxe5 Bc5+ 13. Kh1 Rxd1 14. Rxd1 Be6 15.
Rd8+ Bf8 16. Bxf4 a5 17. Bg5 1-0

[Event "*** SCC Grand Prix: Titled Tuesday Blitz"]
[Site "Chess.com"]
[Date "2020.06.23"]
[Round "6"]
[White "JiiHart"]
[Black "Vandros57"]
[Result "1/2-1/2"]
[WhiteElo "2168"]
[BlackElo "2165"]
[TimeControl "180+1"]
[EndTime "11:02:49 PDT"]
[Termination "Game drawn by agreement"]

1. e4 c5 2. Nf3 e6 3. d4 cxd4 4.
Nxd4 Nf6 5. Nc3 Nc6 6. g3 a6 7. Bg2 Qc7 8. O-O Nxd4 9. Qxd4 Bc5 10. Qd1 O-O 11. Bf4 d6 12. Na4 e5 13. Bg5 Qe7 14.
Nc3 Be6 15. Qf3 h6 16. Bxf6 Qxf6 17. Qxf6 gxf6 18. Nd5 Bxd5 19. exd5 1/2-1/2

[Event "*** SCC Grand Prix: Titled Tuesday Blitz"]
[Site "Chess.com"]
[Date "2020.06.23"]
[Round "6"]
[White "PauloCesarCosta_sad"]
[Black "chesslh19"]
[Result "0-1"]
[WhiteElo "2236"]
[BlackElo "2126"]
[TimeControl "180+1"]
[EndTime "11:02:52 PDT"]
[Termination "chesslh19 won on time"]

1. Nf3 Nf6 2. c4 e6 3. Nc3 d5 4. d4 c5 5. cxd5 cxd4 6. g3 dxc3 7. Bg5 cxb2 8. Rb1 Bb4+ 9. Bd2 Bxd2+ 10. Qxd2 Qxd5 11. Bg2 Qxd2+ 12. Nxd2 O-O 0-1

[Event "*** SCC Grand Prix: Titled Tuesday Blitz"]
[Site "Chess.com"]
[Date "2020.06.23"]
[Round "6"]
[White "GigaQuparadze"]
[Black "Tooweak2slow03"]
[Result "1-0"]
[WhiteElo "2829"]
[BlackElo "2661"]
[TimeControl "180+1"]
[EndTime "11:02:57 PDT"]
[Termination "GigaQuparadze won by resignation"]

1. e4 e6 2. Qe2 d5 3. exd5 Qxd5 4. Nc3 Qd8 5. b3 b6 6. Bb2 Bb7 7. Nf3 Nf6 8. O-O-O Nbd7 9. g4 Nd5 10. g5 Bd6 11. Ne4 Rg8 12. Rg1 Qe7 13. Nxd6+ cxd6 14. Nd4 O-O-O 15.
c4 Nc7 16. f4 g6 17. f5 e5 18. f6 Qe8 19. Nc2 Ne6 20. h4 Nf4 21. Qe3 Nc5 22.
d4 Nce6 23. dxe5 dxe5 24. Rxd8+ Qxd8 25. Bxe5 Nh5 26. Bh3 Qe8 27. Rd1 Bc6 28. Nb4 Bd7 29.
Nd5 Rf8 30. Ne7+ 1-0

[Event "*** SCC Grand Prix: Titled Tuesday Blitz"]
[Site "Chess.com"]
[Date "2020.06.23"]
[Round "6"]
[White "Mbneu"]
[Black "LuckSlayeer"]
[Result "0-1"]
[WhiteElo "2186"]
[BlackElo "2438"]
[TimeControl "180+1"]
[EndTime "11:03:15 PDT"]
[Termination "LuckSlayeer won by resignation"]

1. d4 b6 2. e4 Bb7 3. Bd3 g6 4. f3 Bg7 5. Ne2 e6 6. O-O Ne7 7. c3 d6 8. Bg5 Nd7 9. Nd2 h6 10. Bh4 g5 11. Bg3 Ng6 12. Qc2 Qe7 13. e5 Nh4 14. Be4 d5 15. Bxh4 dxe4 16. Bg3 exf3 17.
Nxf3 O-O-O 18. Rad1 h5 19. b4 h4 20. Bf2 h3 21. g3 0-1

[Event "*** SCC Grand Prix: Titled Tuesday Blitz"]
[Site "Chess.com"]
[Date "2020.06.23"]
[Round "6"]
[White "chessablanca"]
[Black "WonderChampion"]
[Result "1-0"]
[WhiteElo "2378"]
[BlackElo "2035"]
[TimeControl "180+1"]
[EndTime "11:03:17 PDT"]
[Termination "chessablanca won by resignation"]

1. Nf3 d5 2. c4 c6 3. e3 Nf6 4. cxd5 cxd5 5. d4 Bg4 6. Be2 Nc6 7. Nc3 e6 8. h3 Bf5 9. O-O Bd6 10. b3 O-O 11. Bb2 Ne4 12. Nxe4 Bxe4 13. Nd2 Bf5 14. g4 Bg6 15. f4 f5 16. g5 h6 17. h4 hxg5 18.
hxg5 Kf7 19. Kg2 Rh8 20. Rh1 Qg8 21. Nf3 Rc8 22. Nh4 Ne7 23. Rc1 Bc7 24. Ba3 Bh7 25. Bxe7 Kxe7 26. g6 Bxg6 27. Nxg6+ Kf6 28. Rxh8 Qxh8 29. Nxh8 Rxh8 30. Rxc7 1-0

[Event "*** SCC Grand Prix: Titled Tuesday Blitz"]
[Site "Chess.com"]
[Date "2020.06.23"]
[Round "6"]
[White "MrChampion_Coach"]
[Black "chess94cu"]
[Result "0-1"]
[WhiteElo "2432"]
[BlackElo "2552"]
[TimeControl "180+1"]
[EndTime "11:03:21 PDT"]
[Termination "chess94cu won by resignation"]

1. e4 c6 2. d4 d5 3. e5 Bf5 4. h4 h5 5. c4 e6 6. Nc3 Bb4 7. Bg5 Qa5 8. Qb3 dxc4 9. Bxc4 Nd7 10. a3 Be7 11. Ne2 Nb6 12. Ng3 Bg6 13. Ne4 Bxe4 14.
Bxe6 fxe6 15. Qxe6 Bd5 16. Qg6+ Bf7 17. Qxg7 Nd5 18. Qxh8 Nxc3 19. Bd2 Qd5 20. Bxc3 Qxg2 21. O-O-O O-O-O 22. Rhg1 Qe4 23. Qh7 Qxh7 0-1

[Event "*** SCC Grand Prix: Titled Tuesday Blitz"]
[Site "Chess.com"]
[Date "2020.06.23"]
[Round "6"]
[White "Dmitry_Konenkin"]
[Black "RianKapriaga"]
[Result "1-0"]
[WhiteElo "2389"]
[BlackElo "2180"]
[TimeControl "180+1"]
[EndTime "11:03:23 PDT"]
[Termination "Dmitry_Konenkin won by resignation"]

1. d4 Nf6 2. Bg5 e6 3. e4 h6 4. Bxf6 Qxf6 5. Nc3 d6 6. Qd2 a6 7. O-O-O g6 8. f4 Bg7 9. g4 b5 10. h4 Bb7 11. Bg2 Qe7 12. h5 g5 13. Nh3 f6 14.
e5 Bxg2 15. Qxg2 d5 16. exf6 Bxf6 17. f5 exf5 18. Rhe1 c6 19. Rxe7+ Kxe7 20. Re1+ Kf7 21. Nxd5 Nd7 22. Nxf6 Nxf6 23. Qxc6 Rhe8 24. Qb7+ Kg8 25. Re7 Rxe7 26. Qxe7 Nxg4 27. Qe6+ Kg7 28. Qxf5 Ne3 29. Qe5+ Kh7 30. Qe4+ 1-0

[Event "*** SCC Grand Prix: Titled Tuesday Blitz"]
[Site "Chess.com"]
[Date "2020.06.23"]
[Round "6"]
[White "MathiasWomacka"]
[Black "Smile2005"]
[Result "1-0"]
[WhiteElo "2429"]
[BlackElo "2526"]
[TimeControl "180+1"]
[EndTime "11:03:24 PDT"]
[Termination "MathiasWomacka won by resignation"]

1. e4 c6 2. d4 d5 3. Nd2 g6 4. h3 Bg7 5. Ngf3 Nf6 6. e5 Ng8 7. Bd3 c5 8. dxc5 Nc6 9. Qe2 e6 10. Nb3 Nge7 11. Nbd4 Nxd4 12. Nxd4 a6 13. Bf4 Qa5+ 14. c3 Qxc5 15. O-O O-O 16. Rad1 Bd7 17. h4 h5 18. g4 hxg4 19. Qxg4 Qc7 20. Rfe1 Nf5 21.
h5 Nxd4 22. cxd4 Be8 23. Bg5 gxh5 24. Qh4 f5 25. exf6 Bh8 26. Rxe6 1-0

[Event "*** SCC Grand Prix: Titled Tuesday Blitz"]
[Site "Chess.com"]
[Date "2020.06.23"]
[Round "6"]
[White "MateusViageiro"]
[Black "Ovsiannikov_Maxim"]
[Result "1-0"]
[WhiteElo "2250"]
[BlackElo "2103"]
[TimeControl "180+1"]
[EndTime "11:03:26 PDT"]
[Termination "MateusViageiro won by checkmate"]

1. e4 e6 2. Qe2 Be7 3. d4 d5 4.
Nc3 dxe4 5. Qxe4 Nf6 6. Qd3 c5 7. Nf3 Nc6 8. Be3 cxd4 9. Nxd4 Nxd4 10. Bxd4 O-O 11. O-O-O Qa5 12. Kb1 a6 13. Be2 b5 14.
Bf3 b4 15. Bxa8 bxc3 16. Bxc3 Qb6 17. Bd4 Qb8 18. Bf3 Bd7 19. Bxf6 Bb5 20. c4 Bxf6 21. cxb5 Qe5 22. Qb3 Rb8 23. b6 Qa5 24. b7 g5 25. Rc1 Kg7 26. Rc8 Qf5+ 27. Ka1 Be5 28. Re1 Qf4 29. g3 Rxb7 30. Bxb7 Qxf2 31. Rcc1 a5 32.
Rxe5 a4 33. Qc3 a3 34. Rxg5+ Kh6 35. Qg7# 1-0

[Event "*** SCC Grand Prix: Titled Tuesday Blitz"]
[Site "Chess.com"]
[Date "2020.06.23"]
[Round "6"]
[White "Oleksandr_Bortnyk"]
[Black "Iljushin_Alexey"]
[Result "1-0"]
[WhiteElo "2902"]
[BlackElo "2715"]
[TimeControl "180+1"]
[EndTime "11:03:30 PDT"]
[Termination "Oleksandr_Bortnyk won by resignation"]

1. e4 c6 2. c4 d5 3. cxd5 cxd5 4. exd5 Nf6 5. Qa4+ Nbd7 6. Nc3 g6 7. Bc4 Bg7 8. Nf3 O-O 9. d3 a6 10. Qa3 Nb6 11.
Qb3 Bf5 12. O-O Rc8 13. Re1 Ne8 14. Be3 Nxc4 15. dxc4 b5 16. c5 Bd3 17. Rad1 Bc4 18. Qc2 b4 19. Na4 Bb5 20. c6 Nd6 21. Nb6 Rc7 22.
Bc5 a5 23. Ne5 Bxe5 24. Rxe5 Bxc6 25. dxc6 Rxc6 26. Nd5 e6 27. Ne3 Qf6 28. Rxd6 1-0

[Event "*** SCC Grand Prix: Titled Tuesday Blitz"]
[Site "Chess.com"]
[Date "2020.06.23"]
[Round "6"]
[White "Biranidun"]
[Black "wonderfultime"]
[Result "0-1"]
[WhiteElo "2735"]
[BlackElo "2965"]
[TimeControl "180+1"]
[EndTime "11:03:33 PDT"]
[Termination "wonderfultime won by resignation"]

1. e4 c5 2. Nf3 Nf6 3. e5 Nd5 4. Nc3 e6 5. Nxd5 exd5 6. d4 Nc6 7. dxc5 Bxc5 8. Qxd5 d6 9. exd6 Qb6 10. Qe4+ Be6 11.
Qh4 Bxd6 12. Bd3 Nb4 13. O-O Nxd3 14. cxd3 O-O 15. b3 Bf5 16. Bb2 Rfe8 17. Rfe1 Bf8 18. Ne5 Rad8 19. Qc4 Be6 20. Qa4 Bd5 21. d4 Bb4 22.
Re3 Rxe5 23. Rxe5 Bc6 24. Rb5 Qxb5 25. Qxa7 Qg5 26. d5 Qxd5 0-1

[Event "*** SCC Grand Prix: Titled Tuesday Blitz"]
[Site "Chess.com"]
[Date "2020.06.23"]
[Round "6"]
[White "albano87"]
[Black "Kezin_Roman"]
[Result "0-1"]
[WhiteElo "2380"]
[BlackElo "2791"]
[TimeControl "180+1"]
[EndTime "11:03:41 PDT"]
[Termination "Kezin_Roman won by resignation"]

1. d4 d5 2. Nf3 Nf6 3. g3 e6 4. Bg2 b5 5. O-O Nbd7 6. a4 b4 7. c4 bxc3 8. Nxc3 Ba6 9. Bf4 c6 10. Rc1 Be7 11. Ne5 Nxe5 12. dxe5 Nd7 13. e4 O-O 14.
exd5 cxd5 15. Re1 Rb8 16. Qd2 Nc5 17. Rcd1 Nd3 18. Re3 Rxb2 19. Rxd3 Rxd2 20. R3xd2 Bb4 21. Rc2 Qa5 22. Rdc1 Rc8 23. Bd2 d4 24. Nb1 Rxc2 25. Rxc2 Qxa4 26. Be4 Bxd2 27. Nxd2 g6 28. h4 h5 29. Nf3 d3 0-1

[Event "*** SCC Grand Prix: Titled Tuesday Blitz"]
[Site "Chess.com"]
[Date "2020.06.23"]
[Round "6"]
[White "Shield12"]
[Black "XDPS"]
[Result "1-0"]
[WhiteElo "2841"]
[BlackElo "2674"]
[TimeControl "180+1"]
[EndTime "11:03:42 PDT"]
[Termination "Shield12 won by resignation"]

1. e4 e5 2. Nf3 Nc6 3. Nc3 Nf6 4. Be2 d5 5. Bb5 d4 6. Ne2 Bd6 7. Bxc6+ bxc6 8. d3 c5 9. Ng3 h6 10. h3 Be6 11. b3 Qd7 12. Nd2 h5 13. Qf3 h4 14.
Nf5 Bf8 15. Nc4 Bxc4 16. bxc4 Rb8 17. O-O g6 18. Nxd4 Qxd4 19. Qxf6 Qxa1 20. Qc6+ 1-0

[Event "*** SCC Grand Prix: Titled Tuesday Blitz"]
[Site "Chess.com"]
[Date "2020.06.23"]
[Round "6"]
[White "justantan"]
[Black "Herracek"]
[Result "0-1"]
[WhiteElo "2768"]
[BlackElo "2591"]
[TimeControl "180+1"]
[EndTime "11:03:43 PDT"]
[Termination "Herracek won by resignation"]

1. e4 c5 2. Nf3 Nc6 3. Bb5 g6 4. O-O Bg7 5. Re1 e5 6. Bxc6 dxc6 7. d3 b6 8. a4 Be6 9. a5 f6 10. Be3 Nh6 11. h3 Nf7 12. Nbd2 O-O 13. Qb1 f5 14. Nc4 f4 15. Bd2 b5 16. Na3 g5 17. Nh2 h5 18.
Qd1 g4 19. hxg4 hxg4 20. Nxg4 Qh4 21. Nh2 Ng5 22. f3 Rf6 23. Rf1 Rh6 24. Ng4 Bxg4 25. fxg4 Qh2+ 26. Kf2 Nh3+ 27. Ke1 Qg3+ 28. Ke2 Qxg2+ 29.
Ke1 Qg3+ 30. Ke2 Ng1+ 31. Rxg1 Rh2+ 0-1

[Event "*** SCC Grand Prix: Titled Tuesday Blitz"]
[Site "Chess.com"]
[Date "2020.06.23"]
[Round "6"]
[White "LogoCzar"]
[Black "vpsetter"]
[Result "0-1"]
[WhiteElo "2453"]
[BlackElo "2617"]
[TimeControl "180+1"]
[EndTime "11:03:45 PDT"]
[Termination "vpsetter won by resignation"]

1. d4 Nf6 2. e3 d5 3. Bd3 c5 4. c3 Nc6 5. f4 Bg4 6. Nf3 e6 7. Nbd2 Bd6 8. h3 Bxf3 9. Qxf3 O-O 10. O-O Ne8 11. Qf2 f5 12. Nf3 Nf6 13.
Ne5 Bxe5 14. fxe5 Ne4 15. Qe1 c4 16. Bxe4 fxe4 17. Rxf8+ Qxf8 18. Qh4 Qf5 19. Qg4 Qxg4 20. hxg4 b5 21. b3 b4 22. bxc4 dxc4 23. cxb4 Nxb4 24. Ba3 Nc2 25. Rc1 Nxa3 26. Rc3 Rc8 27. Kf2 Nb5 28. Rc1 c3 29. a4 Na3 30. Kg3 c2 31. Kf4 Rb8 32. Kxe4 Rb1 0-1

[Event "*** SCC Grand Prix: Titled Tuesday Blitz"]
[Site "Chess.com"]
[Date "2020.06.23"]
[Round "6"]
[White "Fandorine"]
[Black "12teen"]
[Result "1-0"]
[WhiteElo "2890"]
[BlackElo "2679"]
[TimeControl "180+1"]
[EndTime "11:03:47 PDT"]
[Termination "Fandorine won by resignation"]

1. e4 e6 2. d4 b6 3. Bd3 Bb7 4. Nf3 Nf6 5. e5 Nd5 6. O-O Nb4 7. Be2 d5 8. c3 N4c6 9. Re1 Ne7 10. Nbd2 c5 11.
Nf1 Nec6 12. Ng3 Nd7 13. a3 h5 14. h4 Be7 15. Bg5 f6 16. exf6 gxf6 17. Be3 Qc7 18.
Rc1 O-O-O 19. c4 dxc4 20. Bxc4 e5 21. d5 Ncb8 22. Nf5 Bd6 23. Nd2 Rdg8 24. Ne4 Bf8 25.
b4 Na6 26. Qa4 Nab8 27. f3 a6 28. d6 Qc6 29. Qxc6+ Bxc6 30. Bxg8 Rxg8 31. bxc5 bxc5 32. Bxc5 Nxc5 33. Rxc5 Kd7 34. Nxf6+ 1-0

[Event "*** SCC Grand Prix: Titled Tuesday Blitz"]
[Site "Chess.com"]
[Date "2020.06.23"]
[Round "6"]
[White "Indianlad"]
[Black "manitodeplomo"]
[Result "1-0"]
[WhiteElo "2949"]
[BlackElo "2545"]
[TimeControl "180+1"]
[EndTime "11:03:50 PDT"]
[Termination "Indianlad won by resignation"]

1. d4 d5 2. Nf3 c6 3. Bf4 Qb6 4. Qc1 Bg4 5. Nbd2 Nf6 6. e3 e6 7. Ne5 Bh5 8. c4 dxc4 9. Bxc4 Be7 10. O-O O-O 11. h3 c5 12. dxc5 Bxc5 13. Bd3 Na6 14. Ndc4 Qd8 15. a3 Rc8 16. b4 Be7 17. Qb2 b5 18.
Na5 Qb6 19. Rfc1 Nb8 20. Rxc8 Rxc8 21. Rc1 Rxc1+ 22. Qxc1 a6 23. Qc8+ Qd8 24. Qb7 Bd6 25. Nec6 Nxc6 26. Nxc6 Qf8 27. Bxd6 Qxd6 28. Qc8+ 1-0

[Event "*** SCC Grand Prix: Titled Tuesday Blitz"]
[Site "Chess.com"]
[Date "2020.06.23"]
[Round "6"]
[White "Maghalashvili"]
[Black "Firegrizzly"]
[Result "1-0"]
[WhiteElo "2795"]
[BlackElo "2579"]
[TimeControl "180+1"]
[EndTime "11:03:53 PDT"]
[Termination "Maghalashvili won by resignation"]

1. Nf3 Nf6 2. g3 g6 3. Bg2 Bg7 4. O-O O-O 5. c4 d6 6. d4 Ne4 7. Qc2 f5 8. Rd1 c5 9. dxc5 Nxc5 10. Nc3 Nc6 11. Be3 Ne6 12. Nd5 b6 13. Ng5 Nxg5 14.
Bxg5 Bd7 15. Nxe7+ Nxe7 16. Bxa8 Qxa8 17. Bxe7 Rf7 18.
Bxd6 g5 19. c5 f4 20. cxb6 axb6 21. Rac1 fxg3 22. Bxg3 Bf5 23. Qc6 Qxa2 24. Rd8+ Rf8 25. Rxf8+ Bxf8 26. Qc4+ Qxc4 27. Rxc4 b5 28. Rc7 Bg7 29. Rc5 Bd7 30. Rxg5 Kf7 31. Be5 Bh6 32. Rg3 Ke6 33. Bc3 Bf8 34. Re3+ Kd5 35. Rd3+ Kc6 36. b4 Bf5 37. Rf3 Bxb4 38. Bxb4 1-0

[Event "*** SCC Grand Prix: Titled Tuesday Blitz"]
[Site "Chess.com"]
[Date "2020.06.23"]
[Round "6"]
[White "davigator"]
[Black "SiddharthGMJagadeesh"]
[Result "0-1"]
[WhiteElo "2300"]
[BlackElo "2442"]
[TimeControl "180+1"]
[EndTime "11:03:53 PDT"]
[Termination "SiddharthGMJagadeesh won by resignation"]

1. e4 c6 2. Nc3 d5 3. Nf3 Nf6 4. d4 Nxe4 5. Nxe4 dxe4 6. Ng5 Bf5 7. Bc4 e6 8. g4 Bg6 9. c3 Be7 10. Nh3 Nd7 11. Nf4 Nb6 12. Bb3 Qc7 13. Qe2 O-O-O 14.
Nxg6 hxg6 15. Qxe4 Rxh2 16. Rf1 Nd5 17. Bd2 Bd6 18. c4 Nf6 19. Qf3 Rdh8 20. O-O-O R8h3 21. Qe2 Bf4 22. Kb1 Bxd2 23. Rxd2 Qf4 24. d5 Qe4+ 25. Bc2 Qxe2 26. Rxe2 cxd5 27. g5 Nh5 28.
cxd5 Ng3 29. dxe6 Nxe2 30. exf7 Rf3 31. Re1 Rhxf2 32. Bd3 Rxd3 33. Rxe2 Rd1+ 34. Kc2 Rxe2+ 35. Kxd1 Rf2 0-1

[Event "*** SCC Grand Prix: Titled Tuesday Blitz"]
[Site "Chess.com"]
[Date "2020.06.23"]
[Round "6"]
[White "Quiet_Desperation"]
[Black "cukin84"]
[Result "1-0"]
[WhiteElo "1952"]
[BlackElo "2154"]
[TimeControl "180+1"]
[EndTime "11:03:54 PDT"]
[Termination "Quiet_Desperation won by resignation"]

1. e4 c6 2. Nf3 d5 3. Nc3 Bg4 4. h3 Bxf3 5. Qxf3 e6 6. d4 Nd7 7. Bd3 dxe4 8. Nxe4 Ngf6 9. Bf4 Nxe4 10. Qxe4 Nf6 11.
Qf3 Qd5 12. Qxd5 Nxd5 13. Bd2 Bd6 14. O-O-O Nf4 15. Bf1 O-O-O 16. g3 Ng6 17. c3 h5 18.
h4 Ne7 19. Bg5 f6 20. Be3 e5 21. dxe5 Bxe5 22. Bxa7 Rxd1+ 23. Kxd1 Kc7 24. Be3 Nf5 25.
Ke2 Ra8 26. a3 b5 27. Bh3 Nd6 28. Rd1 Nc4 29. Rd7+ Kb8 30. Rxg7 Nxb2 31. Rg8+ Kb7 32. Rxa8 Kxa8 33. g4 hxg4 34. Bxg4 Bxc3 35. Bf5 b4 36. axb4 Bxb4 37. h5 Bf8 38. Bd4 Bg7 39.
Bxb2 Kb7 40. Kd3 Kb6 41. Kc4 c5 42. Ba3 Kc6 43. Bxc5 Bh6 44. Be7 Bg5 45. Kd4 Kc7 46. Ke4 Kc6 47. f4 Bh6 48. Bxf6 Kd6 49. Bg5 Bg7 50. h6 Bh8 51. Bg4 Bc3 52. Kf5 Bh8 53. Kg6 1-0

[Event "*** SCC Grand Prix: Titled Tuesday Blitz"]
[Site "Chess.com"]
[Date "2020.06.23"]
[Round "6"]
[White "killer311"]
[Black "Kildepiotr"]
[Result "0-1"]
[WhiteElo "2418"]
[BlackElo "2602"]
[TimeControl "180+1"]
[EndTime "11:03:55 PDT"]
[Termination "Kildepiotr won by checkmate"]

1. d4 c5 2. d5 e5 3. c4 d6 4. Nc3 Be7 5. g3 Bg5 6. Bg2 Bxc1 7. Rxc1 Ne7 8. e4 O-O 9. Nf3 Nd7 10. O-O f5 11. Ng5 Nf6 12. exf5 Nxf5 13. Ne6 Bxe6 14. dxe6 Nd4 15. Bxb7 Rb8 16. Bd5 Qe7 17. b3 Nxe6 18.
f4 Kh8 19. fxe5 dxe5 20. Qe2 Nd4 21. Qe3 Ng4 22. Qe4 Qg5 23. h4 Qh5 24. Rxf8+ Rxf8 25. Rf1 Rxf1+ 26. Kxf1 Nf6 27. Qe3 h6 28. Bg2 Qf5+ 29.
Kg1 Ng4 30. Qe1 Nf3+ 31. Bxf3 Qxf3 32. Ne4 Ne3 33. Qd2 Qxe4 34. Qd8+ Kh7 35. h5 Qg2# 0-1

[Event "*** SCC Grand Prix: Titled Tuesday Blitz"]
[Site "Chess.com"]
[Date "2020.06.23"]
[Round "6"]
[White "floplover"]
[Black "juniortay"]
[Result "0-1"]
[WhiteElo "2228"]
[BlackElo "2406"]
[TimeControl "180+1"]
[EndTime "11:03:55 PDT"]
[Termination "juniortay won by resignation"]

1. d4 d5 2. c4 e6 3. Nc3 c5 4. Nf3 Nc6 5. cxd5 exd5 6. g3 Nf6 7. Bg2 cxd4 8. Nxd4 Bc5 9. Nb3 Bb6 10. Bg5 Be6 11.
O-O O-O 12. Rc1 h6 13. Bxf6 Qxf6 14. Bxd5 Rfd8 15. e4 Bh3 16. Qe2 Ne5 17. Na4 Bg4 18.
Qb5 Bh3 19. Nxb6 Qf3 0-1

[Event "*** SCC Grand Prix: Titled Tuesday Blitz"]
[Site "Chess.com"]
[Date "2020.06.23"]
[Round "6"]
[White "grandcoach"]
[Black "pooh2012"]
[Result "0-1"]
[WhiteElo "2109"]
[BlackElo "2484"]
[TimeControl "180+1"]
[EndTime "11:03:56 PDT"]
[Termination "pooh2012 won by resignation"]

1. e4 c6 2. d4 d5 3. e5 Bf5 4. Nf3 e6 5. Be2 Bg6 6. O-O Nd7 7. Nbd2 Nh6 8. Nb3 Nf5 9. a4 a6 10. a5 c5 11. c4 dxc4 12. Bxc4 cxd4 13. Nbxd4 Nxd4 14. Nxd4 Nxe5 15. Bb3 Bc5 16. Ba4+ Kf8 17. Nb3 Qxd1 18.
Rxd1 Be7 19. Bf4 Nd3 20. Be3 Nxb2 21. Nc5 Nxd1 22. Nd7+ Kg8 23. Rxd1 h6 24. Rb1 Bxb1 0-1

[Event "*** SCC Grand Prix: Titled Tuesday Blitz"]
[Site "Chess.com"]
[Date "2020.06.23"]
[Round "6"]
[White "Sashadav97"]
[Black "mbachez"]
[Result "0-1"]
[WhiteElo "2591"]
[BlackElo "2443"]
[TimeControl "180+1"]
[EndTime "11:04:01 PDT"]
[Termination "mbachez won by resignation"]

1. d4 Nf6 2. c4 Nc6 3. Nc3 e5 4. d5 Ne7 5. h4 Neg8 6. e3 Bb4 7. Bd2 Qe7 8. a3 Bxc3 9. Bxc3 d6 10. Nf3 Nh6 11. Nd2 O-O 12. Bd3 Nfg4 13. Qe2 f5 14. O-O-O e4 15. Bc2 c6 16. Kb1 Bd7 17. f3 exf3 18.
gxf3 Nxe3 19. Rhg1 Rf7 20. Rde1 f4 21. Ne4 Bf5 22. Bd3 Re8 23. Rg5 cxd5 24. Reg1 dxe4 25. Rxg7+ Rxg7 26. Rxg7+ Qxg7 27. Bxg7 exd3 0-1

[Event "*** SCC Grand Prix: Titled Tuesday Blitz"]
[Site "Chess.com"]
[Date "2020.06.23"]
[Round "6"]
[White "GregShahade"]
[Black "Sadykov_Ramil"]
[Result "1-0"]
[WhiteElo "2578"]
[BlackElo "2403"]
[TimeControl "180+1"]
[EndTime "11:04:01 PDT"]
[Termination "GregShahade won by resignation"]

1. e4 e6 2. d4 d5 3. Nd2 dxe4 4. Nxe4 Nd7 5. Nf3 Ngf6 6. Nxf6+ Nxf6 7. c3 c5 8. Ne5 a6 9. Be3 cxd4 10. Bxd4 Bd6 11.
Qf3 Qc7 12. Nc4 e5 13. Bb6 Qe7 14. O-O-O Bb8 15. Rd8+ Qxd8 16. Bxd8 Kxd8 17. Nb6 Ra7 18. Bc4 Bg4 19. Qe3 Ke7 20. f3 Bf5 21. Rd1 Rd8 22. Qc5+ Bd6 23. Rxd6 Rxd6 24. Qxe5+ Be6 25. Nc8+ 1-0

[Event "*** SCC Grand Prix: Titled Tuesday Blitz"]
[Site "Chess.com"]
[Date "2020.06.23"]
[Round "6"]
[White "AwareIdea"]
[Black "Canairez"]
[Result "1-0"]
[WhiteElo "2516"]
[BlackElo "2357"]
[TimeControl "180+1"]
[EndTime "11:04:05 PDT"]
[Termination "AwareIdea won by resignation"]

1. d4 c6 2. c4 d5 3. cxd5 cxd5 4. Bf4 Nf6 5. e3 Nc6 6. Nc3 g6 7. Rc1 Bg7 8. h3 O-O 9. Bd3 Bf5 10. Bxf5 gxf5 11.
Qd3 e6 12. Nge2 Ne4 13. f3 Nd6 14. Bxd6 Qxd6 15. f4 Nb4 16. Qb1 Rfc8 17. g4 Qa6 18. Rd1 fxg4 19. hxg4 h6 20. g5 hxg5 21. Qh7+ Kf8 22.
Rg1 Bf6 23. fxg5 Bg7 24. Rf1 e5 25. g6 f6 26. dxe5 Nd3+ 27. Rxd3 Qxd3 28. Rxf6+ Ke8 29. Qg8+ 1-0

[Event "*** SCC Grand Prix: Titled Tuesday Blitz"]
[Site "Chess.com"]
[Date "2020.06.23"]
[Round "6"]
[White "Konavets"]
[Black "verdest"]
[Result "1-0"]
[WhiteElo "2994"]
[BlackElo "2550"]
[TimeControl "180+1"]
[EndTime "11:04:06 PDT"]
[Termination "Konavets won on time"]

1. b3 e5 2. Bb2 Nc6 3. e3 Nf6 4. Bb5 Bd6 5. Na3 Be7 6. Nc4 e4 7. Bxc6 dxc6 8. f3 O-O 9. f4 Bg4 10. Ne2 h5 11. h3 Be6 12. Ne5 h4 13. Nd4 Bc8 14. Qe2 c5 15. Nb5 a6 16. Nc3 Bf5 17. O-O-O Nd5 18. d3 exd3 19. Qf3 Nxc3 20. Bxc3 c4 21.
Nxc4 b5 22. Ne5 Ba3+ 23. Bb2 Qe7 24. Nxd3 Bxb2+ 25. Kxb2 c5 26. Ne5 c4 27. e4 Be6 28.
f5 Bc8 29. Nc6 Qc7 30. e5 Bb7 31. Rd6 Rac8 32. f6 Bxc6 33. Qg4 g6 34. Qxh4 c3+ 35.
Ka1 1-0